AoeStats
← Tavik

African Clearing

506264913Analyzed
4v4 RM · 20d ago on Sep 13, 2026· 33m 12s· 8 players
Game mode
Random Map
Map size
Large (8 player)
Population
200
Speed
Normal
Resources
Standard
Victory
Conquest
Starting age
Dark Age
Ending age
Imperial Age
RankedLock teamsTeams togetherTeam positionsShared explorationLock speedFull tech treeHidden civsTurbo modeCheats
Victory
Defeat
🇧🇷 Wei · Brazil
1403
+15
🇨🇿 Malians · Czechia
1354
+17
🇧🇷 Magyars · Brazil
1337
+18
🇧🇷 Persians · Brazil
1298
+19
🇲🇽 Poles · Mexico
1439
-20
🇺🇸 Mongols · United States
1366
-17
🇲🇽 Berbers · Mexico
1356
-16
🇲🇽 Jurchens · Mexico
1344
-16
PMMePizza
5:34 Loom
13:01 Feudal Age
17:17 Castle Age
16:10 Stone Mining
16:40 Double-Bit Axe
17:20 Fletching
23:54 Padded Archer Armor
27:11 Bloodlines
30:46 Husbandry
31:48 Leather Archer Armor
32:25 Horse Collar
KOBU ︻芫 ———
9:05 Loom
15:46 Feudal Age
23:26 Castle Age
22:29 Double-Bit Axe
22:25 Horse Collar
22:50 Gold Mining
30:20 Fletching
30:41 Padded Archer Armor
31:44 Bodkin Arrow
32:28 Leather Archer Armor
33:12 Scale Barding Armor
victorH
4:25 Loom
14:11 Feudal Age
19:24 Castle Age
17:14 Double-Bit Axe
Sastre ᴿˢ-
13:23 Feudal Age
13:53 Loom
17:12 Forging
22:27 Castle Age
29:28 Fletching
TmZ_Mosquito Sedutor
3:25 Loom
14:34 Feudal Age
15:07 Fishing Lines
15:35 Double-Bit Axe
15:50 Town Watch
16:57 Gold Mining
20:16 Castle Age
18:52 Wheelbarrow
18:07 Horse Collar
20:33 Bloodlines
21:45 Husbandry
26:21 Scale Barding Armor
27:27 Chain Barding Armor
27:37 Gillnets
30:35 Forging
31:28 Gold Shaft Mining
33:23 Iron Casting
SeiyaPegasus
9:22 Loom
11:33 Feudal Age
12:09 Double-Bit Axe
12:05 Horse Collar
14:44 Gold Mining
16:29 Wheelbarrow
16:50 Stone Mining
22:27 Castle Age
21:06 Bloodlines
21:30 Forging
22:32 Light Cavalry
30:44 Scale Barding Armor
32:27 Bow Saw
33:08 Heavy Plow
34:03 Hand Cart
LaddRusso
6:54 Loom
12:04 Feudal Age
12:51 Double-Bit Axe
20:41 Castle Age
20:34 Gold Mining
21:49 Bow Saw
30:08 Fletching
Tavik
4:01 Loom
12:58 Feudal Age
13:42 Double-Bit Axe
15:55 Forging
20:51 Castle Age
22:17 Wheelbarrow
22:29 Bow Saw
22:32 Scale Barding Armor
23:03 Iron Casting
23:45 Horse Collar
27:38 Bloodlines
27:28 Husbandry
29:42 Chain Barding Armor
30:16 Town Watch
Connection lost

Rejoining the realm…

Still unreachable

The connection could not be restored.

Session expired

The server has moved on; the page needs a fresh start.